 Dungeon Crawl Stone Soup version 0.24.1 (webtiles) character file.

Game seed: 2705309732699463568, levelgen mode: deterministic

1892 jugeul the Ruffian (level 8, -11/71 HPs)
             Began as a Troll Earth Elementalist on Mar 27, 2020.
             Was a Priest of Cheibriados.
             Mangled by an orc warrior
             ... wielding a +0 flail
              (18 damage)
             ... on level 6 of the Dungeon.
             The game lasted 00:17:05 (5653 turns).

jugeul the Ruffian (Troll Earth Elementalist)       Turns: 5653, Time: 00:17:06

Health: -11/71     AC:  8    Str: 25    XL:     8   Next: 93%
Magic:  11/11      EV: 10    Int: 19    God:    Cheibriados [***...]
Gold:   396        SH:  0    Dex: 17    Spells: 6/12 levels left

rFire    + . .     SeeInvis .     - Unarmed
rCold    + + .     Gourm    +   (no shield)
rNeg     . . .     Faith    .   z - +2 robe {rF+}
rPois    .         Spirit   .   (helmet restricted)
rElec    .         Reflect  .   u - scarf {cloud immunity}
rCorr    .         Harm     .   (gloves unavailable)
MR       .....                  (boots unavailable)
Stlth    ++........             (no amulet)
HPRegen  0.61/turn              (no ring)
MPRegen  0.12/turn              (no ring)

@: very slightly contaminated, invisible, very slow
A: large, unfitting armour, claws 3, cold resistance 2, fast metabolism 3,
gourmand, regeneration 1, shaggy fur 1, tough skin 3
a: Bend Time, Temporal Distortion, Renounce Religion


You were on level 6 of the Dungeon.
You worshipped Cheibriados.
Cheibriados was most pleased with you.
You were completely stuffed.

You visited 1 branch of the dungeon, and saw 6 of its levels.

You collected 396 gold pieces.

Inventory:

Hand Weapons
 n - a +0 spear
 B - a +2 war axe of venom
Missiles
 b - 158 stones
 l - 6 atropa-tipped darts (quivered)
 m - 2 silver javelins
 D - 2 curare-tipped darts
Armour
 c - a +0 robe
 u - a scarf of cloud immunity (worn)
 z - a +2 robe of fire resistance (worn)
Magical Staves
 A - an uncursed staff of poison {unknown}
Jewellery
 p - an uncursed ring of protection from cold
 v - an uncursed ring of wizardry
Wands
 r - a wand of paralysis (11)
 w - a wand of polymorph (6)
 y - a wand of acid (9)
 E - a wand of digging (5)
 F - a wand of flame (13)
Scrolls
 a - 4 scrolls of magic mapping {unknown}
 f - a scroll of teleportation
 g - a scroll of fear {unknown}
 h - 2 scrolls of amnesia {unknown}
 k - 2 scrolls of enchant weapon {unknown}
 q - 2 scrolls of blinking {unknown}
 s - 2 scrolls of noise {unknown}
 t - 2 scrolls of random uselessness {unknown}
 C - a scroll of remove curse {unknown}
 I - a scroll of summoning {unknown}
Potions
 e - a potion of magic
 o - 2 potions of flight
 x - 2 potions of might
 G - a potion of mutation
Comestibles
 d - 13 rations
 j - 5 chunks of flesh


   Skills:
 + Level 1.7 Fighting
 + Level 0.7 Throwing
 - Level 1.5 Dodging
 - Level 1.0 Stealth
 + Level 7.4 Unarmed Combat
 * Level 2.7 Spellcasting
 * Level 0.4 Conjurations
 * Level 3.3 Transmutations
 * Level 0.4 Fire Magic
 - Level 4.8 Earth Magic
 * Level 2.7 Invocations


You had 6 spell levels left.
You knew the following spells:

 Your Spells              Type           Power        Failure   Level  Hunger
a - Sandblast             Erth           ###...       2%          1    None
b - Passwall              Tmut/Erth      ###.....     4%          2    ##.....
c - Conjure Flame         Conj/Fire      #.......     36%         3    ###....

Your spell library contained the following spells:

 Spells                   Type           Power        Failure   Level  Hunger
 Beastly Appendage        Tmut           ###...       4%          1    None
 Sticks to Snakes         Tmut           ###.....     6%          2    ##.....
 Flame Tongue             Conj/Fire      #....        13%         1    None
 Stone Arrow              Conj/Erth      ##....       16%         3    ###....
 Throw Flame              Conj/Fire      #.....       19%         2    ##.....
 Spider Form              Tmut/Pois      #.........   24%         3    ###....
 Petrify                  Tmut/Erth      ###.....     28%         4    ####...
 Inner Flame              Hex/Fire       #.......     38%         3    ###....
 Lee's Rapid Deconstruct  Erth           ###.......   52%         5    ######.
 Ice Form                 Ice/Tmut       #.......     61%         4    ####...
 Blade Hands              Tmut           ###.......   73%         5    ######.
 Sticky Flame             Conj/Fire      #.......     77%         4    ####...
 Fireball                 Conj/Fire      #.........   98%         5    ######.


Dungeon Overview and Level Annotations

Branches:
Dungeon (6/15)
 Temple: D:4-7

Altars:
Ashenzari
Cheibriados
Dithmenos
Kikubaaqudgha
The Shining One

Annotations:
D:2 Sigmund
D:5 Edmund
D:6 Prince Ribbit


Innate Abilities, Weirdness & Mutations

You are too large for most types of armour.
You have claws for hands.
Your metabolism is lightning-fast.
You like to eat raw meat.
Your natural rate of healing is unusually fast.
You are covered in fur. (AC +1)
You have extremely tough skin. (AC +3)
Your flesh is very cold resistant. (rC++)


Message History

You are very lightly contaminated with residual magic.
Okay, then.
Okay, then.
The orc throws a boomerang.
The boomerang closely misses the orc warrior.
The weapon returns to the orc!
The orc throws a boomerang.
The boomerang hits the orc warrior but does no damage.
The weapon returns to the orc!
You see here a +0 club.
The orc throws a boomerang.
The weapon returns to the orc!
The orc throws a boomerang.
The boomerang closely misses the orc warrior.
The weapon returns to the orc!
There is a stone staircase leading up, spattered with blood here.
The orc throws a boomerang.
The boomerang closely misses the orc warrior.
The weapon returns to the orc!
The orc warrior hits you with a +0 flail!!
You die...

#. #....##..# #####.####
###'####....##..############[####
.................'.....#........#
#.......(..(o...#.....'........#
#..........##)#####..##........#
#.....##....##..####'###..#######
#.... #....##.....'..######...##
##.. ##......oo)..#.....!.....##
## #.......).@..#..........)##
#.....##....##..##.........
########....##..##.........
#......#...#.......##
#......#...#.......##
#..#..##..##........#
############........# #........##
#..........


You could see an orc warrior and 2 orcs.

Vanquished Creatures
  Grinder (D:5)
  Eustachio (D:5)
  Duvessa (D:5)
  A black bear (D:5)
  An ice beast (D:6)
  A sky beast (D:5)
  A centaur (D:5)
  2 bullfrogs
  Dowan (D:5)
  A crimson imp (D:6)
  2 jellies
  3 hounds
  5 orc wizards
  3 orc priests
  3 bullfrog skeletons
  An iguana (D:6)
  3 worker ants
  A killer bee zombie (D:5)
  A hound skeleton (D:5)
  A worker ant zombie (D:5)
  7 gnolls
  8 adders
  2 shadow imps
  3 worms
  A dart slug (D:1)
  6 leopard geckos
  11 orcs
  5 bats
  6 giant cockroaches
  9 goblins
  3 hobgoblins
  4 jackals
  2 quokkas (D:3)
  4 frilled lizards
  3 kobolds (D:2)
  10 rats
118 creatures vanquished.

Notes
Turn   | Place    | Note
-------+----------+-------------------------------------------
     0 | D:1      | jugeul the Troll Earth Elementalist began the quest for the
                  | Orb.
     0 | D:1      | Reached XP level 1. HP: 16/16 MP: 1/1
   183 | D:1      | Reached XP level 2. HP: 18/24 MP: 3/3
   829 | D:2      | Reached skill level 1 in Unarmed Combat
   889 | D:2      | Learned a level 2 spell: Passwall
   929 | D:2      | Reached XP level 3. HP: 31/31 MP: 4/4
   949 | D:2      | Reached skill level 1 in Transmutations
   983 | D:2      | Reached XP level 4. HP: 36/39 MP: 5/5
  1017 | D:2      | Noticed Sigmund
  1029 | D:2      | Found a glowing golden altar of the Shining One.
  1472 | D:2      | Reached skill level 2 in Unarmed Combat
  1585 | D:2      | Found a snail-covered altar of Cheibriados.
  1607 | D:2      | Became a worshipper of Cheibriados the Contemplative
  1836 | D:3      | Reached XP level 5. HP: 22/45 MP: 6/6
  2235 | D:3      | Reached * piety under Cheibriados
  2725 | D:4      | Reached skill level 3 in Unarmed Combat
  2835 | D:4      | Reached XP level 6. HP: 53/54 MP: 7/7
  3228 | D:4      | Learned a level 3 spell: Conjure Flame
  3277 | D:5      | Entered Level 5 of the Dungeon
  3282 | D:5      | Reached skill level 4 in Unarmed Combat
  3282 | D:5      | Reached skill level 1 in Invocations
  3293 | D:5      | Found an ancient bone altar of Kikubaaqudgha.
  3358 | D:5      | Noticed Grinder
  3441 | D:5      | Found a glowing golden altar of the Shining One.
  3709 | D:5      | Noticed Duvessa
  3712 | D:5      | Noticed Dowan
  3724 | D:5      | Killed Duvessa
  3724 | D:5      | Reached ** piety under Cheibriados
  3724 | D:5      | Reached XP level 7. HP: 48/61 MP: 7/9
  3728 | D:5      | Killed Dowan
  3782 | D:5      | Reached skill level 5 in Unarmed Combat
  3983 | D:5      | Found a shattered altar of Ashenzari.
  4224 | D:5      | Noticed Eustachio
  4319 | D:5      | Killed Eustachio
  4319 | D:5      | Reached skill level 1 in Fighting
  4319 | D:5      | Reached skill level 6 in Unarmed Combat
  4319 | D:5      | Reached XP level 8. HP: 20/70 MP: 10/10
  4486 | D:5      | Gained mutation: You are partially covered in iridescent
                  | scales. (AC +2) [potion of mutation]
  4486 | D:5      | Gained mutation: Your flesh is cold resistant. (rC+)
                  | [potion of mutation]
  4486 | D:5      | Lost mutation: You are partially covered in iridescent
                  | scales. (AC +2) [potion of mutation]
  4486 | D:5      | Gained mutation: Your flesh is very cold resistant. (rC++)
                  | [potion of mutation]
  4635 | D:6      | Found a shadowy altar of Dithmenos.
  4711 | D:6      | Noticed Prince Ribbit
  5097 | D:6      | Noticed Edmund
  5132 | D:5      | HP: 2/70 [Edmund/+1 flail of venom (2)]
  5300 | D:5      | Paralysed by Grinder for 2 turns
  5310 | D:5      | Paralysed by Grinder for 6 turns
  5316 | D:5      | Killed Grinder
  5316 | D:5      | Reached skill level 7 in Unarmed Combat
  5568 | D:5      | Reached *** piety under Cheibriados
  5653 | D:6      | Mangled by an orc warrior

Levels and vault maps discovered:
D:1:      co_arrival_random_square_maze, layout_basic, serial_park_tiny_2
D:2:      layout_basic, lemuel_round_altar, cheibriados_altar_1, first_ration,
          kennysheep_nondescript, uniq_sigmund
D:3:      layout_basic, minmay_vboxes
D:4:      layout_loops_ring
D:5:      layout_cave_pods, lemuel_crystal_altar, lemuel_round_altar,
          basic_altar, uniq_duvessa, uniq_eustachio, uniq_grinder
D:6:      layout_gridville, minmay_misc_feat_more_columns,
          nicolae_dithmenos_the_darkroom, uniq_prince_ribbit1, uniq_edmund

Skill      XL: |  1  2  3  4  5  6  7  8 |
---------------+-------------------------+-----
Earth Magic    | 3 4 |  4.8
Unarmed Combat | 1 2 3 4 6 7 |  7.4
Transmutations | 1 2 3 |  3.3
Invocations    | 1 2 |  2.7
Spellcasting   | 2 |  2.7
Fighting       | 1 |  1.7
Throwing       | |  0.7
Dodging        | |  1.5
Stealth        | |  1.0
Conjurations   | |  0.4
Fire Magic     | |  0.4

Action                   |  1- 3 |  4- 6 |  7- 9 || total
-------------------------+-------+-------+-------++-------
Melee: Unarmed           |    99 |   195 |   172 ||   466
       Punch             |       |       |     4 ||     4
Throw: Stone             |       |       |    12 ||    12
       Dart              |       |       |     4 ||     4
       Javelin           |       |       |     2 ||     2
 Cast: Sandblast         |       |       |     5 ||     5
  Use: Scroll            |       |       |    11 ||    11
       Potion            |       |       |     7 ||     7
 Stab: Sleeping          |     2 |     6 |     1 ||     9
       Invisible         |       |       |     1 ||     1
  Eat: Chunk             |    14 |    21 |    11 ||    46
Armor: Robe              |    32 |    62 |   204 ||   298
Dodge: Dodged            |    55 |   100 |   231 ||   386
